 Dungeon Crawl Stone Soup version 0.23-a0-480-g1869896 (webtiles) character file.

56 MisterFreud the Conjurer (level 3, 0/27 HPs)
             Began as a Draconian Conjurer on Nov 28, 2018.
             Was a Follower of Cheibriados.
             Slain by a worm (9 damage)
             ... on level 3 of the Dungeon.
             The game lasted 00:05:24 (1612 turns).

MisterFreud the Conjurer (Draconian Conjurer)       Turns: 1612, Time: 00:05:25

Health: 0/27       AC:  5    Str: 13    XL:     3   Next: 71%
Magic:  1/6        EV: 12    Int: 19    God:    Cheibriados [*.....]
Gold:   150        SH:  0    Dex: 14    Spells: 5/6 levels left

rFire    . . .     SeeInvis .   e - +1 mace
rCold    . . .     Gourm    .   (no shield)
rNeg     . . .     Faith    .   (armour unavailable)
rPois    .         Spirit   .   (helmet restricted)
rElec    .         Reflect  .   (no cloak)
rCorr    .         Harm     .   (no gloves)
MR       .....                  (no boots)
Stlth    +++.......             (no amulet)
HPRegen  0.09/turn              (no ring)
MPRegen  0.10/turn              (no ring)

@: very slow
A: unfitting armour, cold-blooded, AC +5
a: Bend Time, Renounce Religion


You were on level 3 of the Dungeon.
You worshipped Cheibriados.
Cheibriados was aware of your devotion.
You were hungry.

You visited 1 branch of the dungeon, and saw 3 of its levels.

You collected 150 gold pieces.

Inventory:

Hand Weapons
 a - a +0 dagger
 e - a +1 mace (weapon)
Missiles
 h - 78 stones (quivered)
 l - 43 arrows
Scrolls
 g - 2 scrolls of identify
 n - a scroll of amnesia {unknown}
Potions
 c - a potion of brilliance {unknown}
 d - a potion of agility {unknown}
 f - 2 potions of curing
 i - a potion of flight {unknown}
 j - a potion of heal wounds
 k - 2 potions of magic {unknown}
Comestibles
 b - 7 rations


   Skills:
 + Level 0.4 Fighting
 - Level 1.7 Dodging
 - Level 4.0 Stealth
 - Level 2.0 Spellcasting
 - Level 4.0 Conjurations


You had 5 spell levels left.
You knew the following spells:

 Your Spells              Type           Power        Failure   Level  Hunger
a - Magic Dart            Conj           ###.         3%          1    #......

Your spell library contained the following spells:

 Spells                   Type           Power        Failure   Level  Hunger
 Searing Ray              Conj           ###...       4%          2    ###....
 Dazzling Spray           Conj/Hex       #.....       22%         3    ###....
 Iskenderun's Mystic Bla  Conj           ###.....     32%         4    #####..
 Force Lance              Conj/Tloc      #.......     58%         4    #####..
 Fulminant Prism          Conj/Hex       #.........   58%         4    #####..


Dungeon Overview and Level Annotations

Branches:
Dungeon (3/15)

Altars:
Cheibriados
Nemelex Xobeh


Innate Abilities, Weirdness & Mutations

Your plain brown scales are hard. (AC +5)
You cannot fit into any form of body armour.
You are cold-blooded and may be slowed by cold attacks.


Message History

The magic dart hits the worm.
The worm is heavily wounded.
The worm bites you!
Casting: Magic Dart (safe; 3% risk of failure)
Confirm with . or Enter, or press ? or * to list all spells.
Aiming: Magic Dart (safe; 3% risk of failure)
Press: ? - help, Shift-Dir - straight line, f/p - worm
Aim: a worm (heavily wounded)
The magic dart hits the worm.
The worm is heavily wounded.
You barely miss the worm.
The worm is heavily wounded.
The worm barely misses you.
You hit the worm but do no damage.
The worm is heavily wounded.
The worm bites you!
You sock the worm!
The worm is almost dead.
The worm bites you!
You die...

.###............
.................
.......K..w....
............# ...
#(s...# ..
#.....# #.
#.....#
#.##.....#
#.@w.....#
#######..# ###
#..# # #<# #..#
.# #.# #..#..#
#.# #....# #.#
#.#### #.# #.#
#[# #.# #.#


You could see a worm.

Vanquished Creatures
  An adder (D:2)
  A dart slug (D:2)
  A leopard gecko (D:2)
  5 bats
  2 giant cockroaches
  6 goblins
  6 hobgoblins
  2 jackals (D:2)
  A quokka (D:3)
  2 frilled lizards
  4 kobolds
  11 rats
42 creatures vanquished.

Notes
Turn   | Place    | Note
-------+----------+-------------------------------------------
     0 | D:1      | MisterFreud the Draconian Conjurer began the quest for the
                  | Orb.
     0 | D:1      | Reached XP level 1. HP: 14/14 MP: 3/3
   160 | D:1      | Found a snail-covered altar of Cheibriados.
   168 | D:1      | Became a worshipper of Cheibriados the Contemplative
   184 | D:1      | Reached XP level 2. HP: 20/20 MP: 0/5
   966 | D:2      | Found a sparkling altar of Nemelex Xobeh.
  1051 | D:2      | Reached XP level 3. HP: 19/26 MP: 0/6
  1056 | D:2      | Reached * piety under Cheibriados
  1612 | D:3      | Slain by a worm

Vault maps used:
D:1:      tarquinn_simple_flora_water_d, minivault_5, cheibriados_altar_1
D:2:      nemelex_altar_shiori, first_ration, kennysheep_generic_room_12
D:3:      nicolae_qazlal_general_emergency

Skill      XL: |  1  2  3 |
---------------+----------+-----
Stealth        | 2 3 4 |  4.0
Fighting       | |  0.4
Dodging        | |  1.7
Spellcasting   | |  2.0
Conjurations   | |  4.0

Action                   || total
-------------------------++-------
Melee: Mace              ||    81
       Tailslap          ||     6
 Cast: Magic Dart        ||    56
  Use: Scroll            ||     3
       Potion            ||     2
 Stab: Sleeping          ||     2
  Eat: Chunk             ||     2
Armor: Skin              ||    36
Dodge: Dodged            ||    94

Table legend:
 A = Non-vault XP
 B = Vault XP
 C = Vault XP percentage of total XP
 D = Non-vault monster count
 E = Vault monster count
 F = Vault count percentage of total count
                 A         B        C        D         E       F
            +---------+---------+-------+---------+---------+-------
      Total |      81 |       0 |   0.0 |      42 |       0 |   0.0
            +---------+---------+-------+---------+---------+-------
        D:1 |      19 |       0 |   0.0 |      13 |       0 |   0.0
        D:2 |      54 |       0 |   0.0 |      24 |       0 |   0.0
        D:3 |       8 |       0 |   0.0 |       5 |       0 |   0.0
            +---------+---------+-------+---------+---------+-------
